 Dungeon Crawl Stone Soup version 0.20.1-2-g1830e616b0 (webtiles) character file.

164 Alfie the Shooter (level 5, 0/41 HPs)
             Began as a Human Hunter on Jan 28, 2020.
             Slain by Alfie's ghost (6 damage)
             ... on level 4 of the Dungeon.
             The game lasted 00:10:53 (1952 turns).

Alfie the Shooter (Human Hunter)                    Turns: 1952, Time: 00:10:53

Health: 0/41       AC:  4    Str: 13    XL:     5   Next: 73%
Magic:  5/5        EV: 12    Int: 11    God:
Gold:   115        SH:  0    Dex: 14    Spells: 4/4 levels left

rFire    . . .     SeeInvis .   k - +1 short sword (speed)
rCold    . . .     Gourm    .   (no shield)
rNeg     . . .     Faith    .   c - +1 leather armour
rPois    .         Spirit   .   (no helmet)
rElec    .         Reflect  .   (no cloak)
rCorr    .         Harm     .   (no gloves)
MR       .....                  (no boots)
Stlth    +.........             b - amulet of regeneration
Regen    0.6/turn               (no ring)
MPRegen  0.1/turn               (no ring)

@: no status effects
A: no striking features
a: no special abilities


You were on level 4 of the Dungeon.
You were not hungry.

You visited 1 branch of the dungeon, and saw 4 of its levels.

You collected 115 gold pieces.

Inventory:

Hand Weapons
 a - a +1 shortbow
 k - a +1 short sword of speed (weapon)
Missiles
 d - 16 arrows
 u - 2 tomahawks (quivered)
Armour
 c - a +1 leather armour (worn)
 g - a +0 pair of gloves
Jewellery
 b - an amulet of regeneration (around neck)
 m - an uncursed amulet of rage {unknown}
 r - an uncursed ring of ice
Wands
 q - a wand of enslavement (17/24)
Scrolls
 l - a scroll of magic mapping
 o - 2 scrolls of identify
Potions
 e - a potion of might
 h - 2 potions of brilliance {unknown}
 i - a potion of magic {unknown}
 n - a potion of degeneration {unknown}
 p - a potion of heal wounds {unknown}
 t - a potion of lignification {unknown}
Comestibles
 f - 2 bread rations
 j - 4 meat rations


   Skills:
 + Level 3.0 Fighting
 + Level 5.8 Bows
 + Level 1.3 Armour
 + Level 2.1 Dodging
 + Level 1.0 Stealth


You had 4 spell levels left.
You didn't know any spells.

Dungeon Overview and Level Annotations

Branches:
Dungeon (4/15)
 Temple: D:4-7

Altars:
Nemelex Xobeh
Vehumet
Xom

Annotations:
D:2 Crazy Yiuf
D:4 Alfie's ghost, amateur HuHu


Message History

You hit Alfie's ghost but do no damage.
Alfie's ghost is severely damaged.
Alfie's ghost hits you.
* * * LOW HITPOINT WARNING * * *
You barely miss Alfie's ghost.
Alfie's ghost is severely damaged.
Alfie's ghost hits you.
* * * LOW HITPOINT WARNING * * *
You hit Alfie's ghost but do no damage.
Alfie's ghost is severely damaged.
You closely miss Alfie's ghost.
Alfie's ghost is severely damaged.
Alfie's ghost closely misses you.
You hit Alfie's ghost.
Alfie's ghost is severely damaged.
Alfie's ghost barely misses you.
You closely miss Alfie's ghost.
Alfie's ghost is severely damaged.
Alfie's ghost hits you.
You die...

#....# #....# #....#
#....# #..(.# #...#
#####
..#######...####...#
.>#......(...((W@..#
..#.....................
..#.......^.............
..##...##..#####...##...
..##...##### #...# ##
..##......... ....#
..#.......... ....#
..'.......... ....#
..#..........


You could see Alfie's ghost.

Vanquished Creatures
  A jelly (D:3)
  Jessica (D:2)
  3 adders
  A worm (D:2)
  4 dart slugs (D:1)
  4 leopard geckos (D:2)
  5 orcs (D:3)
  9 bats
  2 giant cockroaches (D:2)
  5 goblins
  2 hobgoblins
  3 jackals (D:4)
  2 quokkas (D:3)
  4 frilled lizards
  8 kobolds
  10 rats
64 creatures vanquished.

Notes
Turn   | Place    | Note
-------+----------+-------------------------------------------
     0 | D:1      | Alfie the Human Hunter began the quest for the Orb.
     0 | D:1      | Reached XP level 1. HP: 16/16 MP: 1/1
   128 | D:1      | Reached XP level 2. HP: 22/22 MP: 2/2
   441 | D:1      | Reached XP level 3. HP: 28/28 MP: 3/3
   696 | D:2      | Found a radiant altar of Vehumet.
   788 | D:2      | Noticed Jessica
   796 | D:2      | Killed Jessica
   796 | D:2      | Reached skill level 5 in Bows
   796 | D:2      | Reached skill level 1 in Armour
   796 | D:2      | Reached XP level 4. HP: 33/34 MP: 4/4
  1209 | D:2      | Found a runed door.
  1213 | D:2      | Noticed Crazy Yiuf
  1275 | D:3      | Found a shimmering altar of Xom.
  1429 | D:3      | Found a sparkling altar of Nemelex Xobeh.
  1495 | D:3      | Reached XP level 5. HP: 40/40 MP: 5/5
  1914 | D:4      | Noticed Alfie's ghost (amateur HuHu)
  1952 | D:4      | Slain by Alfie's ghost

Skill      XL: |  1  2  3  4  5 |
---------------+----------------+-----
Bows           | 5 |  5.8
Armour         | 1 |  1.3
Fighting       | 3 |  3.0
Dodging        | |  2.1
Stealth        | |  1.0

Action                   |  1- 3 |  4- 6 || total
-------------------------+-------+-------++-------
Melee: Short sword       |       |    13 ||    13
 Fire: Shortbow          |    67 |   123 ||   190
  Use: Scroll            |     6 |     6 ||    12
  Eat: Bread ration      |       |     1 ||     1
Armor: Leather armour    |     2 |    23 ||    25
Dodge: Dodged            |    17 |    47 ||    64
